cohdb
Replays
Latest Replays
All Replays
Popular Replays
Top Player Replays
Match Explorer
How It Works
Community
CoH3 Stats
Reddit
Sign in to upload your games and track your stats! →
Sign in with Steam
Match 24762797
Unlisted
Match 24762797
Overview
Messages
Build Orders
End
Royal Engineer Section
Construct Section Command Post
Dingo Light Scout Car
Vickers Machine Gun Team
Selects Air and Sea Battlegroup
ML 3-inch Mortar Team
Construct Platoon Command Post
Unlock M3 Stuart Light Tanks
6-pounder Anti-tank Gun Team
M3 Stuart Light Tank
M3 Stuart Light Tank
Selects Commando Section Paradrop
Selects Commando LMG Section Paradrop
Commando LMG Section Paradrop
Commando Section Paradrop
M3 Stuart Light Tank
6-pounder Anti-tank Gun Team
Construct Company Command Post
Foot Guards Section
Matilda II Heavy Tank
Matilda II Heavy Tank
Foot Guards Section
Unlock M3 Grant Medium Tanks
Selects Incendiary Bombing Run
Incendiary Bombing Run
SneaKerz
야생오리
0
0
Comments
sign in to comment!
No comments posted yet!